 Dungeon Crawl Stone Soup version 0.30-a0-1043-g60ff8d5f49 (webtiles) character file.

Game seed: 11251661188573661720

9 Esekla the Sneak (level 2, -3/21 HPs)
             Began as an Octopode Delver on Apr 9, 2023.
             Succumbed to a scorpion's poison
             ... on level 5 of the Dungeon.
             The game lasted 00:01:11 (111 turns).

Esekla the Sneak (Octopode Delver)                   Turns: 111, Time: 00:01:12

Health: -3/21      AC:  1    Str: 11    XL:     2   Next: 12%
Magic:  2/2        EV: 13    Int: 12    God:
Gold:   36         SH:  0    Dex: 13    Spells: 1/1 levels left

rFire   . . .      SeeInvis .    a - +0 falchion
rCold   . . .      Faith    .    (no shield)
rNeg    . . .      Spirit   .    (helmet restricted)
rPois   .          Reflect  .    (no amulet)
rElec   .          Rampage  .    (no ring)
rCorr   .                        (no ring)
Will    .....                    (no ring)
Stlth   ++++                     (no ring)
HPRegen 0.23/turn                (no ring)
MPRegen 0.08/turn                (no ring)
                                 (no ring)
                                 (no ring)

@: lethally poisoned (-3 -> -29)
A: almost no armour, amphibious, 8 rings, camouflage 1, gelatinous body 1,
(nimble swimmer 1), tentacles
a: no special abilities


You were on level 5 of the Dungeon.
You visited 1 branch of the dungeon, and saw 1 of its levels.

You collected 36 gold pieces.

Inventory:

Hand Weapons
 a - a +0 falchion (weapon)
Wands
 f - a wand of digging (3)
Scrolls
 b - a scroll of fog
 c - a scroll of enchant weapon {unknown}
 d - a scroll of fear
 g - a scroll of teleportation {unknown}
 h - 3 scrolls of amnesia {unknown}
Potions
 e - a potion of haste


   Skills:
 * Level 3.1 Fighting
 * Level 2.1 Long Blades
 * Level 2.1 Dodging
 + Level 6.8 Stealth
 * Level 0.2 Spellcasting


You had one spell level left.
You didn't know any spells.
Your spell library contained the following spells:

 Spells                   Type           Power      Damage    Failure   Level
 Call Canine Familiar     Summ           0%         N/A       69%         3
 Portal Projectile        Hex/Tloc       0%         N/A       69%         3
 Leda's Liquefaction      Hex/Erth       0%         N/A       97%         4


Dungeon Overview and Level Annotations

Branches:
Dungeon (5/15)
 Temple: D:4-7

Altars:
Kikubaaqudgha

Shops:
D:5 *


Innate Abilities, Weirdness & Mutations

You cannot wear most types of armour.
You are amphibious.
You can wear up to eight rings at the same time.
Your skin changes colour to match your surroundings (Stealth+).
Your rubbery body absorbs attacks. (AC +1, EV +1)
((You are camouflaged when in or above water. (Stealth+)))
You have tentacles for arms and can constrict up to eight enemies at once.


Message History

You hit the adder. You grab the adder.
The adder is moderately wounded.
You constrict the adder. The adder barely misses you. The adder bites you.
You hit the adder. You squeeze the adder.
You kill the adder!
You have reached level 2!
c - a scroll labelled PUD ABA MOES You now have 29 gold pieces (gained 12).
Found 3 scrolls labelled ETEOVV BEINUO.
Found 7 gold pieces.
A scorpion comes into view.
You see here 3 scrolls labelled ETEOVV BEINUO.
h - 3 scrolls labelled ETEOVV BEINUO
Found Usoc's Overcharged Wands.
Found a scroll labelled JEYSIU AGIAQ.
You see here 7 gold pieces.
You now have 36 gold pieces (gained 7).
An orc comes into view. It is wielding a +0 whip.
Found a shimmering robe.
There is an entrance to Usoc's Overcharged Wands here.
You hit the scorpion. Your grab misses the scorpion.
The scorpion is lightly wounded.
The scorpion stings you.
You are poisoned.
The scorpion poisons you!
You hit the scorpion but do no damage. You grab the scorpion.
You tentacle-slap the scorpion.
The scorpion is moderately wounded.
You constrict the scorpion, but do no damage.
You feel very sick. The scorpion stings you!
You are more poisoned.
The scorpion poisons you! The scorpion stings you.
* * * LOW HITPOINT WARNING * * *
You are more poisoned.
The scorpion poisons you!
You hit the scorpion.
The scorpion is heavily wounded.
You constrict the scorpion.
You die...

,*,** *,* **,####.* ####....
,,,,* *,* *##.*....# ##.......
*,,,***,***...,,...## ###..##....
**,,,**<,**,#..**#..###...###....
*,,,,,,,,,,##.###...##.### #....
***,***,,,,,#...........# ##...
,,,,,,,,,.#.#..#.#.....## ##†.
,,,,,,,,,...o.#.s.#....#* ###
,,,,,,,**,*,#...@...#...#*****
,,,,,,,**,#...#...#.#.......,***
,,,,,,,**,###?.#.#..###.####,,,**
,,,,,,,**,,*#.......#**.# ***,,,
,,,,,,,***,*##........,.# ****
,,,,,,,* *<,*######..####
,,,,,,,* **,,,****#..# *****,**
**,,,,,,...#* *,* ***,,,,,,***,,*


You could see a scorpion and an orc (asleep).

Vanquished Creatures
  An adder (D:5)
1 creature vanquished.

Notes
Turn   | Place    | Note
-------+----------+-------------------------------------------
     0 | D:5      | Esekla the Octopode Delver began the quest for the Orb.
     0 | D:5      | Reached XP level 1. HP: 16/16 MP: 1/1
    27 | D:5      | Found an ancient bone altar of Kikubaaqudgha.
    50 | D:5      | Noticed a yak
    84 | D:5      | Reached XP level 2. HP: 20/21 MP: 2/2
    99 | D:5      | Noticed a scorpion
   102 | D:5      | Found Usoc's Overcharged Wands.
   111 | D:5      | Succumbed to a scorpion's poison

Illustrated notes

Levels and vault maps discovered:
D:5:      layout_rooms, lemuel_mausoleum_altar_kikubaaqudgha,
          grunt_ministairs_10, nicolae_shop_overcharged_wands

Action                     || total
---------------------------++-------
  Melee: Falchion          ||     5
         Constrict         ||     2
         Tentacles         ||     1
         Punch             ||     1
    Use: Scroll            ||     1
   Stab: Sleeping          ||     1
  Dodge: Dodged            ||     1

Table legend: (Time is in decaauts)
 A = Elapsed time spent in this place.
 B = Non-inter-level travel time spent in this place.
 C = Inter-level travel time spent in this place.
 D = Time resting spent in this place.
 E = Time spent auto-exploring this place.
 F = Levels seen in this place.
 G = Mean time per level.
                   A        B        C        D        E       F      G
               +--------+--------+--------+--------+--------+-----+--------+
         Total |    111 |    111 |      0 |      0 |      0 |   1 |  111.0 |
       Dungeon |    111 |    111 |      0 |      0 |      0 |   1 |  111.0 |
               +--------+--------+--------+--------+--------+-----+--------+

Top non-repeatable levels by time:
     D:5: 111 daAuts
